 Dungeon Crawl Stone Soup version 0.19.1-28-ge1247f7 (webtiles) character file.

271 ImaNewbie the Twirler (level 6, -8/35 HPs)
             Began as a Gargoyle Gladiator on Jan 21, 2017.
             Mangled by an ogre
             ... wielding a +0 giant club
              (17 damage)
             ... on level 4 of the Dungeon.
             The game lasted 00:03:42 (2475 turns).

ImaNewbie the Twirler (Gargoyle Gladiator)          Turns: 2475, Time: 00:03:43

Health: -8/35      AC: 11    Str: 20    XL:     6   Next: 23%
Magic:  6/6        EV: 10    Int:  8    God:
Gold:   60         SH:  0    Dex: 11    Spells: 0 memorised, 5 levels left

rFire  . . .     SeeInvis .     a - +0 quarterstaff
rCold  . . .     Gourm    .     s - +0 scale mail
rNeg   + . .     Faith    .     (shield currently unavailable)
rPois  ∞         Spirit   .     c - +0 helmet
rElec  +         Reflect  .     (no cloak)
rCorr  .         Harm     .     (no gloves)
MR     .....                    (no boots)
Stlth  ..........               (no amulet)
                                (no ring)
                                (no ring)

@: no status effects
A: negative energy resistance 1, electricity resistance, unbreathing,
petrification resistance, rot immunity, AC +4
a: no special abilities


You were on level 4 of the Dungeon.
You were not hungry.

You visited 1 branch of the dungeon, and saw 4 of its levels.

You collected 60 gold pieces.

Inventory:

Hand Weapons
 a - a +0 quarterstaff (weapon)
 b - a +0 blowgun
Missiles
 d - 3 throwing nets (quivered)
 u - 6 curare-tipped needles
Armour
 c - a +0 helmet (worn)
 s - a +0 scale mail (worn)
Scrolls
 g - 2 scrolls of remove curse {unknown}
 h - a scroll of enchant weapon {unknown}
 n - a scroll of teleportation
 r - a scroll of identify
 t - a scroll of magic mapping
Potions
 e - 3 potions of ambrosia
 j - a potion of agility {unknown}
 k - a potion of curing {unknown}
 l - a potion of heal wounds {unknown}
 m - 2 potions of flight
 p - a potion of mutation {unknown}
Comestibles
 f - 2 bread rations
 i - 2 meat rations
 o - a beef jerky
 q - a royal jelly
 v - 2 chunks of flesh


   Skills:
 - Level 2.1 Fighting
 + Level 6.8 Staves
 - Level 1.7 Throwing
 - Level 2.4 Dodging


You had 5 spell levels left.
You didn't know any spells.

Dungeon Overview and Level Annotations

Branches:
Dungeon (4/15)
 Temple: D:4-7

Altars:


Innate Abilities, Weirdness & Mutations

You are resistant to torment.
Your stone body is resilient. (AC +4)
You are immune to poison.
You resist negative energy. (rN+)
You are resistant to electric shocks. (rElec)
You can survive without breathing.
You are immune to petrification.
You are immune to rotting.


Message History

You kill the ball python!
No target in view!
No target in view!
No target in view!
No target in view!
Search for what [Enter for "staff || brand", or ? for help]?
An ogre comes into view. It is wielding a giant club.
You see here a rapier.
An ogre is nearby!
An ogre is nearby!
The ogre barely misses you.
You hit the ogre but do no damage. The ogre hits you with a giant club!!
Ouch! That really hurt!
* * * LOW HITPOINT WARNING * * *
You sock the ogre!
The ogre is moderately wounded.
You barely miss the ogre.
The ogre is moderately wounded.
The ogre hits you with a giant club!
You die...

########O###.###.###.#
.......@.........# #
#######..#...#.#.#.#
..######.).#.......#.#
.....................#
........>.##.........#.#
..######..##...........#
.#######.##...#.#######
..........#...#.#
########..#.###.###
.........#.......#
########.#.....#.#
###.#.#####.###
#.....<....)..#
#....######.#.#
#...........#.#
#........####.#


You could see an ogre.

Vanquished Creatures
  Jessica (D:2)
  Natasha (twice) (D:3)
  A worker ant (D:4)
  An orc wizard (D:3)
  6 adders
  A worm (D:3)
  5 dart slugs
  A leopard gecko (D:1)
  4 orcs (D:3)
  3 ball pythons
  5 bats
  3 giant cockroaches
  9 goblins
  9 hobgoblins
  6 jackals (D:1)
  9 kobolds
  2 quokkas
  4 frilled lizards
  7 rats
79 creatures vanquished.

Notes
Turn   | Place    | Note
-------+----------+-------------------------------------------
     0 | D:1      | ImaNewbie the Gargoyle Gladiator began the quest for the Orb.
     0 | D:1      | Reached XP level 1. HP: 12/12 MP: 1/1
   215 | D:1      | Reached XP level 2. HP: 15/17 MP: 2/2
   304 | D:1      | Reached skill level 4 in Staves
   486 | D:1      | Reached XP level 3. HP: 15/21 MP: 3/3
   979 | D:2      | Noticed Jessica
   982 | D:2      | Killed Jessica
   982 | D:2      | Reached skill level 5 in Staves
   982 | D:2      | Reached XP level 4. HP: 26/26 MP: 4/4
  1503 | D:3      | Reached XP level 5. HP: 30/30 MP: 5/5
  1705 | D:3      | Noticed Natasha
  1759 | D:3      | Reached skill level 6 in Staves
  1763 | D:3      | Killed Natasha
  2113 | D:3      | Noticed Natasha
  2117 | D:3      | Killed Natasha
  2117 | D:3      | Reached XP level 6. HP: 35/35 MP: 6/6
  2475 | D:4      | Mangled by an ogre

Skill      XL: |  1  2  3  4  5 |
---------------+----------------+-----
Staves         | 4 5 6 |  6.8
Fighting       | |  2.1
Throwing       | |  1.7
Dodging        | |  2.4

Action                   |  1- 3 |  4- 6 || total
-------------------------+-------+-------++-------
Melee: Quarterstaff      |    85 |   165 ||   250
  Use: Scroll            |       |     5 ||     5
 Stab: Sleeping          |     1 |       ||     1
  Eat: Chunk             |       |     5 ||     5
Armor: Leather armour    |    41 |       ||    41
       Ring mail         |     1 |     4 ||     5
       Scale mail        |       |    80 ||    80
Dodge: Dodged            |    60 |    77 ||   137
